 Dungeon Crawl Stone Soup version 0.31-a0-142-g31f6795574 (webtiles) character file.

Game seed: 12944670251638598920

8806 Pooter the Grappler (level 11, -2/105 HPs)
             Began as a Troll Hunter on June 2, 2023.
             Was a Follower of Okawaru.
             Slain by a yak (11 damage)
             ... on level 10 of the Dungeon on June 3, 2023.
             The game lasted 01:09:22 (9068 turns).

Pooter the Grappler (Troll Hunter)                  Turns: 9068, Time: 01:09:22

Health: -2/105     AC:  7    Str: 25    XL:     11   Next: 14%
Magic:  10/10      EV: 10    Int:  5    God:    Okawaru [*.....]
Gold:   210        SH:  0    Dex: 19    Spells: 10/10 levels left

rFire   . .          .
                       - Unarmed
rCold   + . .        (no shield)
rNeg    . . .        S - +1 robe {rC+}
rPois   .            K - +1 hat
rElec   .            a - +0 cloak
rCorr   .            (gloves unavailable)
SInv    .            (boots unavailable)
Will    +....        e - amulet of the acrobat
Stlth   ++           d - +6 ring of dexterity
HPRegen 1.17/turn    o - ring of willpower
MPRegen 0.12/turn

%: acrobat
@: lethally poisoned (-2 -> -15), about to teleport, invisible
A: large, unfitting armour, claws 3, regeneration 1, shaggy fur 1, tough skin 1
a: Renounce Religion, Heroism


You were on level 10 of the Dungeon.
You worshipped Okawaru.
Okawaru was aware of your devotion.
You visited 2 branches of the dungeon, and saw 11 of its levels.
You also visited: Sewer and Bailey.

You collected 560 gold pieces.
You spent 350 gold pieces at shops.

Inventory:

Hand Weapons
 b - a +4 arbalest
   (You took it off an orc warrior in a bailey)
 z - a +0 war axe
   (You found it on level 3 of the Dungeon)
 G - a +0 bardiche
   (You found it on level 5 of the Dungeon)
 H - a +0 lajatang
   (You found it on level 4 of the Dungeon)
 J - a +0 broad axe
   (You found it on level 7 of the Dungeon)
 L - a +0 battleaxe
   (You found it on level 7 of the Dungeon)
Missiles
 j - 26 poisoned darts
 k - 6 large rocks
 n - 5 boomerangs (quivered)
 q - 4 javelins
 I - 2 silver boomerangs
 M - 6 curare-tipped darts
 Q - 86 stones
Armour
 a - a +0 cloak (worn)
   (You found it on level 1 of the Dungeon)
 K - a +1 hat (worn)
   (You found it on level 7 of the Dungeon)
 S - a +1 robe of cold resistance (worn)
   (You found it on level 9 of the Dungeon)
Jewellery
 d - a +6 ring of dexterity (left claw)
   (You found it on level 1 of the Dungeon)
 e - an amulet of the acrobat (around neck)
   (You found it on level 1 of the Dungeon)
 m - an amulet of magic regeneration
   (You found it on level 2 of the Dungeon)
 o - a ring of willpower (right claw)
   (You found it on level 3 of the Dungeon)
 A - an amulet of faith {!P}
   (You found it on level 4 of the Dungeon)
 P - a ring of protection from fire
   (You found it on level 3 of the Dungeon)
Wands
 f - a wand of flame (13)
   (You found it on level 9 of the Dungeon)
 r - a wand of light (2)
   (You took it off Natasha on level 3 of the Dungeon)
 u - a wand of paralysis (7)
   (You found it on level 9 of the Dungeon)
 y - a wand of roots (2)
   (You found it on level 7 of the Dungeon)
 O - a wand of polymorph (2)
   (You found it on level 9 of the Dungeon)
Scrolls
 c - a scroll of poison {!r}
 l - a scroll of torment {!r}
 t - a scroll of teleportation {@r4}
 v - a scroll of enchant armour
 x - a scroll of noise {!r}
 D - a scroll of vulnerability {!r}
Potions
 g - 6 potions of curing {@q1}
 h - 2 potions of heal wounds {@q2}
 p - 3 potions of attraction {!q}
 s - a potion of resistance
 w - 4 potions of enlightenment
 B - 2 potions of might
 C - a potion of cancellation
 E - a potion of lignification {unknown}
 F - a potion of haste {@q3}
 N - a potion of magic {unknown}
 R - 2 potions of mutation {unknown}


   Skills:
 + Level 6.0 Fighting
 * Level 7.7 Ranged Weapons
 - Level 5.8 Throwing
 - Level 1.5 Dodging
 - Level 0.3 Stealth
 * Level 10.2 Unarmed Combat
 + Level 1.1 Evocations


You had 10 spell levels left.
You didn't know any spells.
Your spell library contained the following spells:

 Spells                   Type           Power      Damage    Failure   Level
 Beastly Appendage        Tmut           0%         N/A       47%         1
 Slow                     Hex            0%         N/A       47%         1
 Sublimation of Blood     Necr           0%         N/A       63%         2
 Wereblood                Tmut           0%         N/A       63%         2
 Confusing Touch          Hex            0%         N/A       85%         3
 Spider Form              Tmut/Pois      0%         N/A       85%         3
 Vampiric Draining        Necr           0%         2d6       85%         3
 Summon Hydra             Summ           Unusable   N/A       N/A         7

Dungeon Overview and Level Annotations

Branches:
Dungeon (10/15)            Temple (1/1) D:5            Lair (0/5) D:10
  Sewer (visited)          Bailey (visited)
    Orc: D:9-12

Altars:
Ashenzari
Cheibriados
Dithmenos
Elyvilon
Fedhas
Gozag
Hepliaklqana
Kikubaaqudgha
Makhleb
Nemelex Xobeh
Okawaru
Qazlal
Ru
Sif Muna
Trog
Vehumet
Wu Jian
Xom
Yredelemnul
Zin
The Shining One

Shops:
D:8 =![   D:9 *

Annotations:
D:4 1 runed translucent door, Crazy Yiuf


Innate Abilities, Weirdness & Mutations

You are too large for most types of armour.
You have claws for hands.
Your natural rate of healing is unusually fast.
You are covered in fur. (AC +1)
You have tough skin. (AC +1)


Message History

* * * LOW HITPOINT WARNING * * *
The hound bites you.
* * * LOW HITPOINT WARNING * * *
Unknown command.
You completely miss the wolf. Your claw misses the wolf.
You feel sick. The wolf barely misses you. The wolf bites you.
* * * LOW HITPOINT WARNING * * *
The hound barely misses you. The hound bites you.
* * * LOW HITPOINT WARNING * * *
The hound bites you but does no damage. The wolf bites you.
* * * LOW HITPOINT WARNING * * *
You barely miss the wolf.
Your surroundings suddenly seem different. 2 orcs, 2 killer bees and 3 yaks come into view.
Found a dagger and a book of Frost.
You feel sick.
The yak bellows!
The killer bee buzzes angrily. x2; The orc shouts!
The yak bellows!
The killer bee misses you.
You feel much better.
You feel sick.
The killer bee buzzes angrily. x2
The killer bee barely misses you. The killer bee stings you!
* * * LOW HITPOINT WARNING * * *
The yak gores you.
* * * LOW HITPOINT WARNING * * *
The yak gores you but does no damage.
Unknown command.
You fade into invisibility!
You feel sick.
The killer bee stings you but does no damage.
The killer bee closely misses you. The killer bee stings you.
* * * LOW HITPOINT WARNING * * *
The killer bee stings you but does no damage.
The yak barely misses you. The yak closely misses you.
As you read the scroll of teleportation {@r4}, it crumbles to dust.
You feel strangely unstable.
You feel sick. The killer bee barely misses you.
The killer bee stings you but does no damage.
The killer bee stings you.
* * * LOW HITPOINT WARNING * * *
You are more poisoned.
The killer bee poisons you! The killer bee barely misses you.
The orc hits you but does no damage. The killer bee stings you.
* * * LOW HITPOINT WARNING * * *
You are more poisoned.
The killer bee poisons you! The killer bee barely misses you.
The killer bee stings you but does no damage.
The killer bee stings you.
* * * LOW HITPOINT WARNING * * *
You are lethally poisoned!
The killer bee poisons you! The yak barely misses you. The yak gores you!
You die...

..~~≈≈≈≈≈≈≈.... .~
.~..~≈≈≈≈≈~.o.. ...
.....~≈≈o~~~...
...###...# .........#
#...#)..## #.
.#........## ##.
......yYy^.## ..
.....oY@y...# ..
......yoy...... #.
.......Y....... #.
...........##.. ...###.
.#........... : ..Y.YY.
.... #............
....###
##...#...#.......... .
.........................
#.... ).... .......


You could see 3 yaks, 5 killer bees and 2 orcs.

Vanquished Creatures
  Erolcha (D:9)
  Amaemon (D:8)
  An orc knight (Bailey)
  An orange demon (D:8)
  An unseen horror (D:7)
  A troll (D:10)
  3 hornets
  6 yaks
  3 wyverns
  A steam dragon (D:9)
  2 water moccasins (D:8)
  2 ice beasts
  A black bear (D:5)
  13 orc warriors
  An ogre (D:5)
  2 centaurs (D:8)
  Blork the orc (D:4)
  3 kobold brigands
  5 bullfrogs
  8 scorpions
  3 wights (D:8)
  2 killer bees
  2 jellies (D:5)
  3 howler monkeys
  2 hounds
  4 orc priests
  A sleepcap (D:6)
  Jessica (D:3)
  Natasha (thrice) (D:3)
  4 iguanas
  Terence (D:3)
  6 orc wizards
  Robin (D:3)
  4 gnolls (D:5)
  7 adders
  2 river rats (Sewer)
  A white imp (D:5)
  An ufetubus (D:4)
  4 worms
  4 dart slugs
  58 orcs
  4 bats
  5 endoplasms
  3 giant cockroaches (D:1)
  9 hobgoblins
  13 kobolds
  5 quokkas
  7 ball pythons
  3 frilled lizards
  18 goblins
  14 rats
252 creatures vanquished.

Vanquished Creatures (collateral kills)
  2 orcs (Bailey)
2 creatures vanquished.

Grand Total: 254 creatures vanquished

Notes
Turn   | Place    | Note
-------+----------+-------------------------------------------
     0 | D:1      | Pooter the Troll Hunter began the quest for the Orb.
     0 | D:1      | Reached XP level 1. HP: 19/19 MP: 0/0
   232 | D:1      | Reached XP level 2. HP: 28/28 MP: 1/1
   379 | D:1      | Reached skill level 1 in Unarmed Combat
   681 | D:2      | Reached XP level 3. HP: 25/35 MP: 2/2
  1232 | D:3      | Reached skill level 2 in Unarmed Combat
  1268 | D:3      | Noticed Terence
  1278 | D:3      | Killed Terence
  1279 | D:3      | Reached XP level 4. HP: 29/42 MP: 3/3
  1395 | D:3      | Noticed Robin
  1413 | D:3      | Killed Robin
  1477 | D:3      | Noticed Jessica
  1486 | D:3      | Killed Jessica
  1487 | D:3      | Reached skill level 1 in Throwing
  1487 | D:3      | Reached XP level 5. HP: 49/49 MP: 4/4
  1548 | D:3      | Noticed Natasha
  1557 | D:3      | Killed Natasha
  1668 | D:3      | Noticed Natasha
  1697 | D:3      | Killed Natasha
  1698 | D:3      | Reached skill level 3 in Unarmed Combat
  1875 | D:3      | Noticed Natasha
  1886 | D:3      | Killed Natasha
  1934 | D:3      | Found a faded altar of an unknown god.
  1938 | D:3      | Found an opulent altar of Gozag.
  2171 | D:4      | Found an ancient bone altar of Kikubaaqudgha.
  2173 | D:4      | Found a snail-covered altar of Cheibriados.
  2175 | D:4      | Found a glowing golden altar of the Shining One.
  2176 | D:4      | Found a shimmering blue altar of Sif Muna.
  2177 | D:4      | Found an ornate altar of the Wu Jian Council.
  2367 | D:4      | Reached XP level 6. HP: 59/59 MP: 5/5
  2427 | D:4      | Found a stormy altar of Qazlal.
  2474 | D:4      | Found a runed translucent door.
  2475 | D:4      | Noticed Crazy Yiuf
  2612 | D:4      | Noticed Blork the orc
  2629 | D:4      | Killed Blork the orc
  3062 | D:5      | Entered Level 5 of the Dungeon
  3172 | D:5      | Found a shadowy altar of Dithmenos.
  3182 | D:5      | Noticed an ice beast
  3191 | D:5      | Killed an ice beast
  3192 | D:5      | Reached skill level 4 in Unarmed Combat
  3195 | D:5      | Reached XP level 7. HP: 17/66 MP: 6/6
  3422 | D:5      | Found a hazy altar of Hepliaklqana.
  3465 | D:5      | Reached skill level 5 in Unarmed Combat
  3532 | D:5      | Found a staircase to the Ecumenical Temple.
  3564 | Temple   | Entered the Ecumenical Temple
  3610 | D:5      | Reached XP level 8. HP: 75/75 MP: 7/7
  3880 | D:6      | Found a broken altar of Ashenzari.
  4158 | D:6      | Reached skill level 5 in Ranged Weapons
  4158 | D:6      | Reached skill level 6 in Unarmed Combat
  4173 | D:6      | Found a glowing drain.
  4184 | Sewer    | Entered a sewer
  4291 | Sewer    | Found a white marble altar of Elyvilon.
  4470 | D:6      | Found a sacrificial altar of Ru.
  4756 | D:6      | Found a bloodstained altar of Trog.
  5070 | D:7      | Reached XP level 9. HP: 66/84 MP: 8/8
  5074 | D:7      | Reached skill level 7 in Unarmed Combat
  5276 | D:7      | Found a flagged portal.
  5302 | Bailey   | Entered a bailey
  5422 | Bailey   | Upgraded the game from 0.31-a0-133-gaae73658be to
                  | 0.31-a0-142-g31f6795574
  6044 | Bailey   | Noticed an orc knight
  6065 | Bailey   | Killed an orc knight
  6066 | Bailey   | Reached skill level 8 in Unarmed Combat
  6230 | D:7      | Killed an unseen horror
  6231 | D:7      | Reached skill level 5 in Fighting
  6480 | D:7      | Paralysed by a hornet for 1 turns
  6485 | D:7      | Reached XP level 10. HP: 68/96 MP: 9/9
  6689 | D:7      | Found a burning altar of Makhleb.
  6939 | D:8      | Found a sparkling altar of Nemelex Xobeh.
  6943 | D:8      | Reached skill level 5 in Throwing
  7080 | D:8      | Noticed an orange demon
  7102 | D:8      | Killed an orange demon
  7112 | D:8      | Noticed Amaemon
  7140 | D:8      | Killed Amaemon
  7141 | D:8      | Reached skill level 9 in Unarmed Combat
  7491 | D:8      | Found Qomu's Distillery.
  7499 | D:8      | Bought a potion of invisibility for 112 gold pieces
  7499 | D:8      | Bought a potion of might for 56 gold pieces
  7499 | D:8      | Bought a potion of haste for 140 gold pieces
  7499 | D:8      | Bought a potion of curing for 42 gold pieces
  7541 | D:8      | Found Nulozify's Antique Armour Boutique.
  7798 | D:8      | Found Vittozus's Jewellery Emporium.
  8090 | D:9      | Noticed Erolcha
  8169 | D:9      | Killed Erolcha
  8263 | D:9      | Found Miveufoe's Overcharged Wands.
  8582 | D:9      | Noticed Psyche
  8586 | D:9      | Noticed Psyche
  8592 | D:9      | Killed Psyche the killer bee
  8721 | D:9      | Found an iron altar of Okawaru.
  8735 | D:9      | Became a worshipper of Warmaster Okawaru
  8858 | D:10     | Entered Level 10 of the Dungeon
  8895 | D:10     | Reached skill level 10 in Unarmed Combat
  8895 | D:10     | Reached XP level 11. HP: 105/105 MP: 10/10
  8959 | D:10     | Reached * piety under Okawaru
  8960 | D:10     | Reached skill level 1 in Evocations
  9061 | D:10     | Found a staircase to the Lair.
  9068 | D:10     | Slain by a yak

Illustrated notes

Levels and vault maps discovered:
D:1:      shiori_arrival_elements, layout_loops_cross, minmay_rat_gold_closets
D:2:      layout_rooms, grunt_ministairs_6
D:3:      layout_loops_ring, nicolae_overflow_ecumenical_swirl, minivault_5,
          minmay_fractal_squares_diagonal_5, uniq_terence, uniq_robin,
          uniq_jessica, uniq_natasha
D:4:      layout_loops_corners, mainiacjoe_overflow_paths,
          grunt_temple_overflow_open, grunt_decor_junction, uniq_blork_the_orc,
          uniq_crazy_yiuf_cottage
D:5:      layout_rooms, mainiacjoe_overflow_concentric_impassable,
          grunt_dithmenos_smoke, minmay_temple_entry_overgrown,
          kennysheep_opposing_triangles
D:6:      layout_cave_pods, nicolae_ru_sacrificial_ziggurat,
          mainiacjoe_overflow_boulevard, trog_butcher_becter,
          cheibrodos_sewer_entry_bend
D:7:      layout_cave_pods, kennysheep_mini, enter_bailey_5, grunt_ministairs_3,
          kennysheep_doodads
D:8:      layout_basic, mainiacjoe_overflow_tiny_flanked, special_room
          [special_room_orc], serial_shops, shop_fountains, shop,
          nicolae_shop_just_a_little_nook, uniq_amaemon
D:9:      layout_long_grid, okawaru_altar_gauntlet_db,
          nicolae_shop_overcharged_wands, uniq_psyche, uniq_erolcha
D:10:     layout_rooms, nicolae_uskayaw_dance_studio, erik_lair_island,
          david_orc_5
Temple:   nicolae_temple_stand_before_the_council

Skill      XL: |  1  2  3  4  5  6  7  8  9 10 11 |
---------------+----------------------------------+-----
Unarmed Combat | 1 2 3 4 5 6 8 10 | 10.2
Ranged Weapons | 3 4 5 6 7 |  7.7
Fighting       | 2 3 4 5 6 |  6.0
Throwing       | 1 2 3 4 5 |  5.8
Evocations     | 1 |  1.1
Dodging        | |  1.5
Stealth        | |  0.3

Action                     |  1- 3 |  4- 6 |  7- 9 | 10-12 || total
---------------------------+-------+-------+-------+-------++-------
  Melee: Unarmed           |    28 |    69 |   162 |   104 ||   363
         Punch             |       |       |    10 |     6 ||    16
   Fire: Shortbow          |    87 |    72 |    77 |       ||   236
         Arbalest          |       |       |    29 |    86 ||   115
  Throw: Large rock        |     2 |    10 |    12 |     6 ||    30
         Javelin           |       |       |     9 |     2 ||    11
         Stone             |       |       |     3 |       ||     3
 Invoke: Heroism           |       |       |       |     1 ||     1
  Evoke: Wand              |       |       |     2 |    14 ||    16
    Use: Scroll            |     3 |     6 |    11 |     5 ||    25
         Potion            |       |     1 |     3 |     3 ||     7
   Stab: Sleeping          |       |     1 |     1 |       ||     2
         Invisible         |       |       |     4 |     4 ||     8
 Armour: Robe              |    12 |    32 |    30 |    56 ||   130
  Dodge: Dodged            |    18 |    53 |   106 |   103 ||   280

Table legend: (Time is in decaauts)
 A = Elapsed time spent in this place.
 B = Non-inter-level travel time spent in this place.
 C = Inter-level travel time spent in this place.
 D = Time resting spent in this place.
 E = Time spent auto-exploring this place.
 F = Levels seen in this place.
 G = Mean time per level.
                   A        B        C        D        E       F      G
               +--------+--------+--------+--------+--------+-----+--------+
         Total |   9108 |   8937 |    171 |   1361 |   5148 |  13 |  700.6 |
       Dungeon |   8009 |   7847 |    162 |    830 |   4916 |  10 |  800.9 |
        Temple |     23 |     14 |      9 |      0 |     11 |   1 |   23.0 |
         Sewer |    147 |    147 |      0 |      0 |    101 |   1 |  147.0 |
        Bailey |    927 |    927 |      0 |    531 |    120 |   1 |  927.0 |
               +--------+--------+--------+--------+--------+-----+--------+

Top non-repeatable levels by time:
     D:7: 1133 daAuts
     D:8: 990 daAuts
     D:6: 990 daAuts
     D:3: 977 daAuts
     D:4: 949 daAuts
  Bailey: 927 daAuts
     D:9: 920 daAuts
     D:5: 730 daAuts
     D:1: 659 daAuts
     D:2: 495 daAuts
    D:10: 161 daAuts
   Sewer: 147 daAuts
  Temple: 23 daAuts
